 Dungeon Crawl Stone Soup version 0.30-a0-29-g142975f185 (webtiles) character file.

Game seed: 8916530818574025442

93 nono the Trooper (level 4, -4/39 HPs)
             Began as a Palentonga Fighter on Aug 26, 2022.
             Shot with a bolt by a goblin (5 damage)
             ... led by Robin
             ... on level 2 of the Dungeon.
             The game lasted 00:02:16 (1469 turns).

nono the Trooper (Palentonga Fighter)               Turns: 1469, Time: 00:02:17

Health: -4/39      AC:  8    Str: 23    XL:     4   Next: 37%
Magic:  4/4        EV:  5    Int:  8    God:
Gold:   100        SH:  4    Dex: 10    Spells: 3/3 levels left

rFire   . . .      SeeInvis +    a - +0 flail
rCold   . . .      Faith    .    c - +0 buckler
rNeg    . . .      Spirit   .    n - +0 chain mail
rPois   .          Reflect  .    (no helmet)
rElec   .          Harm     .    (no cloak)
rCorr   .          Rampage  .    (no gloves)
Will    .....                    (no barding)
Stlth   ..........               (no amulet)
HPRegen 0.13/turn                (no ring)
MPRegen 0.09/turn                (no ring)

@: no status effects
A: large, rugged brown scales 3, see invisible, deformed body, roll 1, armoured
tail
a: Rolling Charge


You were on level 2 of the Dungeon.
You visited 1 branch of the dungeon, and saw 3 of its levels.

You collected 100 gold pieces.

Inventory:

Hand Weapons
 a - a +0 flail (weapon)
Armour
 b - a +0 scale mail
 c - a +0 buckler (worn)
 n - a +0 chain mail (worn)
Jewellery
 e - a ring of wizardry
 m - an amulet of reflection
Scrolls
 g - a scroll of enchant armour {unknown}
 h - a scroll of identify {unknown}
 k - a scroll of fog {unknown}
 l - 3 scrolls of enchant weapon {unknown}
 o - a scroll of fear {unknown}
Potions
 d - a potion of might
 f - 2 potions of degeneration {unknown}
 i - a potion of resistance {unknown}
 j - a potion of curing


   Skills:
 + Level 3.6 Fighting
 + Level 2.8 Maces & Flails
 + Level 3.0 Armour
 + Level 3.3 Shields


You had 3 spell levels left.
You didn't know any spells.
Your spell library contained the following spells:

 Spells                   Type           Power      Damage    Failure   Level
 Apportation              Tloc           0%         N/A       99%         1
 Necrotise                Necr           0%         1d4       99%         1
 Vampiric Draining        Necr           0%         2d6       100%        3
 Agony                    Necr           0%         N/A       100%        5
 Alistair's Intoxication  Tmut/Pois      0%         N/A       100%        5


Dungeon Overview and Level Annotations

Branches:
Dungeon (3/15)

Altars:

Annotations:
D:2 Robin


Innate Abilities, Weirdness & Mutations

You are completely covered in rugged brown scales. (AC +3, +7% HP)
You have supernaturally acute eyesight. (SInv)
Armour fits poorly on your strangely shaped body.
You can roll at nearby foes to attack.
You have a long armoured tail.


Message History

The goblin shoots a sling bullet.
The sling bullet barely misses you.
The goblin shoots a sling bullet.
You block the sling bullet.
The goblin unwields a +0 sling.
The goblin wields a +0 dagger.
The goblin hits you but does no damage.
You closely miss the goblin. You tail-slap the goblin.
You kill the goblin!
Things that are here:
a +0 dagger; a +0 sling A goblin comes into view.
It is wielding a +0 dagger.
A goblin comes into view.
It is wielding the +9 heavy crossbow "Sniper" {vorpal, Acc+∞ SInv}.
The goblin shouts!
You hear a shout! x2
The goblin shoots a bolt.
The bolt hits you!
The goblin unwields a +0 dagger.
The goblin wields a +0 sling.
The goblin shoots a sling bullet.
The sling bullet hits you but does no damage.
Things that are here:
5 stones; an adder corpse The goblin shoots a bolt.
The bolt hits you.
You hear a shout!
There is a stone staircase leading down here.
You climb downwards.
The adder hisses angrily.
The endoplasm quivers.
Found a scroll labelled SUIXKA RUAQAMU.
There is a stone staircase leading up here.
The goblin hits you but does no damage.
You climb upwards.
Level annotation: Robin
There is a stone staircase leading down here.
You barely miss the goblin.
Your tail-slap misses the goblin.
The goblin hits you but does no damage.
The goblin shoots a bolt.
The bolt hits you.
You sock the goblin!
You kill the goblin!
The goblin shoots a bolt.
The bolt hits you but does no damage.
The goblin shoots a bolt.
The bolt hits you!
* * * LOW HITPOINT WARNING * * *
x2 You hear a shout!
You see here a +0 dagger.
The goblin shoots a bolt.
The bolt hits you.
You die...

#..##..[#...##..#.#.#
#..#..#<>...##.......
####
###.....#...###...#.#.#
....
#....##....#....##.....
#..... #....[....#..###
#.#.#
#.....##...........##
###.....
#................### ...
# # #.......†..##....#
..#
#............@##.####.#
#......#.....)##......#
##......#...##.>#......#
#...........###...)###.#
.......†....#...#..# ..
##............###(.# .#
#...........## #..# ..
............## #..g. g.
............# #..#..#


g You could see a goblin.

Vanquished Creatures
  Natasha (D:2)
  An adder (D:2)
  2 dart slugs
  A bat (D:2)
  5 endoplasms
  12 giant cockroaches (D:2)
  3 hobgoblins (D:1)
  4 jackals (D:1)
  2 kobolds
  A quokka (D:1)
  6 ball pythons
  A frilled lizard (D:2)
  7 goblins
  2 rats
48 creatures vanquished.

Notes
Turn   | Place    | Note
-------+----------+-------------------------------------------
     0 | D:1      | nono the Palentonga Fighter began the quest for the Orb.
     0 | D:1      | Reached XP level 1. HP: 19/19 MP: 1/1
   189 | D:1      | Reached XP level 2. HP: 10/25 MP: 2/2
   669 | D:1      | Found a faded altar of an unknown god.
   870 | D:1      | Reached XP level 3. HP: 31/31 MP: 3/3
  1306 | D:2      | Noticed Natasha
  1315 | D:2      | Killed Natasha
  1316 | D:2      | Reached XP level 4. HP: 23/38 MP: 4/4
  1438 | D:2      | Noticed Robin
  1468 | D:2      | HP: 1/39 [goblin/bolt[Robin] (2)]
  1469 | D:2      | Shot with a bolt by a goblin

Illustrated notes

Levels and vault maps discovered:
D:1:      heliophobic_arrival_battle_scene, layout_rooms,
          dreamdust_ecumenical_altar_hidden_monk_grotto
D:2:      minmay_roachtagon, layout_rooms, basic_altar,
          minmay_misc_feat_pillars, st_stairs_9, minivault_5, uniq_robin,
          uniq_natasha
D:3:      layout_basic, grunt_gozag_breadcrumbs

Skill      XL: |  1  2  3  4 |
---------------+-------------+-----
Shields        | 3 |  3.3
Armour         | 3 |  3.0
Fighting       | |  3.6
Maces & Flails | |  2.8

Action                   |  1- 3 |  4- 6 || total
-------------------------+-------+-------++-------
Melee: Flail             |   106 |     8 ||   114
       Tailslap          |     9 |     2 ||    11
Armor: Scale mail        |    67 |       ||    67
       Chain mail        |     4 |     9 ||    13
Dodge: Dodged            |    49 |     2 ||    51
Block: Buckler           |    25 |     5 ||    30

Table legend: (Time is in decaauts)
 A = Elapsed time spent in this place.
 B = Non-inter-level travel time spent in this place.
 C = Inter-level travel time spent in this place.
 D = Time resting spent in this place.
 E = Time spent auto-exploring this place.
 F = Levels seen in this place.
 G = Mean time per level.
                   A        B        C        D        E       F      G
               +--------+--------+--------+--------+--------+-----+--------+
         Total |   1524 |   1480 |     44 |      0 |   1138 |   3 |  508.0 |
       Dungeon |   1524 |   1480 |     44 |      0 |   1138 |   3 |  508.0 |
               +--------+--------+--------+--------+--------+-----+--------+

Top non-repeatable levels by time:
     D:1: 1070 daAuts
     D:2: 452 daAuts
     D:3: 1 daAuts
